 Dungeon Crawl Stone Soup version 0.23.1 (webtiles) character file.

Game seed: 15702019663405102366

64 redwoodhats the Chiller (level 4, 0/30 HPs)
             Began as a Merfolk Ice Elementalist on Mar 11, 2019.
             Succumbed to an adder's poison
             ... on level 2 of the Dungeon.
             The game lasted 00:18:19 (1681 turns).

redwoodhats the Chiller (Merfolk Ice Elementalist)  Turns: 1681, Time: 00:18:20

Health: 0/30       AC:  2    Str:  6 (9)  XL:     4   Next: 12%
Magic:  1/8        EV: 13    Int: 13 (14) God:
Gold:   119        SH:  0    Dex: 11 (14) Spells: 4/8 levels left

rFire    + . .     SeeInvis .   b - +0 whip
rCold    . . .     Gourm    .   (no shield)
rNeg     . . .     Faith    .   a - +0 robe
rPois    .         Spirit   .   (no helmet)
rElec    .         Reflect  .   (no cloak)
rCorr    .         Harm     .   (no gloves)
MR       .....                  (no boots)
Stlth    ++........             (no amulet)
HPRegen  0.10/turn              e - ring of protection from fire
MPRegen  0.11/turn              (no ring)

@: lethally poisoned (0 -> -3), flying
A: change form in water, swift swim, stealthy swim
a: no special abilities


You were on level 2 of the Dungeon.
You were hungry.

You visited 1 branch of the dungeon, and saw 2 of its levels.

You collected 119 gold pieces.

Inventory:

Hand Weapons
 b - a +0 whip (weapon)
 d - a +0 club
Armour
 a - a +0 robe (worn)
Jewellery
 e - a ring of protection from fire (left hand)
 f - an uncursed ring of resist corrosion {unknown}
Scrolls
 i - 2 scrolls of identify
Comestibles
 c - 3 rations


   Skills:
 + Level 0.1 Fighting
 + Level 0.2 Maces & Flails
 + Level 3.1 Dodging
 + Level 2.3 Stealth
 + Level 2.8 Spellcasting
   Level 0.7 Conjurations
 + Level 4.3 Ice Magic


You had 4 spell levels left.
You knew the following spells:

 Your Spells              Type           Power        Failure   Level  Hunger
a - Freeze                Ice            ##..         4%          1    #......
b - Ozocubu's Armour      Chrm/Ice       #.......     28%         3    ###....

Your spell library contained the following spells:

 Spells                   Type           Power        Failure   Level  Hunger
 Throw Frost              Conj/Ice       #.....       13%         2    ###....
 Throw Icicle             Conj/Ice       #.......     63%         4    #####..
 Summon Ice Beast         Ice/Summ       #.......     67%         4    #####..


Dungeon Overview and Level Annotations

Branches:
Dungeon (2/15)

Altars:


Message History

You freeze the adder.
The adder is heavily wounded.
The adder bites you.
* * * LOW HITPOINT WARNING * * *
The adder bites you.
* * * LOW HITPOINT WARNING * * *
Unknown command.
Okay, then.
Okay, then.
Sorry, you're not good enough to have a special ability.
Casting: Freeze (safe; 4% risk of failure)
Confirm with . or Enter, or press ? or * to list all spells.
Okay, then.
You feel very buoyant.
You fly up into the air.
* * * LOW HITPOINT WARNING * * *
You feel sick. The adder bites you.
* * * LOW HITPOINT WARNING * * *
The adder closely misses you.
You die...

#(...<....# .# #. #. #.........#
#.# #.# ##. ########.........# ..
#.# #.. .....##..........# .# #.#
##.. .....##.#####..#####.#
#.####).. ........# ##.## #..#
#.##..... ......###
#..###.#####.#..(... .....##
##...S.##........... .....##
###.@.####.##.##..... ......####
#)..#.###..##.##..... .........#
#†###.##.............
.....###.####.# #.....###.##.....
.....# #.##...##.....# #.##.....
###### #.#..###...##..# #.####.##
## ####.#.###...####..##.####.##
.####(...........##..........#...
.#...>###..####..................


You could see an adder.

Vanquished Creatures
  2 adders (D:2)
  2 oozes (D:1)
  2 dart slugs
  3 leopard geckos
  A giant cockroach (D:1)
  2 goblins
  5 hobgoblins
  2 jackals (D:2)
  A bat (D:1)
  3 frilled lizards
  4 kobolds
  6 rats
33 creatures vanquished.

Notes
Turn   | Place    | Note
-------+----------+-------------------------------------------
     0 | D:1      | redwoodhats the Merfolk Ice Elementalist began the quest
                  | for the Orb.
     0 | D:1      | Reached XP level 1. HP: 13/13 MP: 3/3
   366 | D:1      | Reached XP level 2. HP: 12/19 MP: 0/5
   570 | D:1      | Reached skill level 4 in Ice Magic
   629 | D:1      | Reached XP level 3. HP: 8/24 MP: 0/6
  1064 | D:1      | Learned a level 3 spell: Ozocubu's Armour
  1335 | D:2      | Reached XP level 4. HP: 20/30 MP: 0/8
  1678 | D:2      | HP: 1/30 [adder (1)]
  1681 | D:2      | Succumbed to an adder's poison

Skill      XL: |  1  2 |
---------------+-------+-----
Dodging        | 3 |  3.1
Ice Magic      | 4 |  4.3
Fighting       | |  0.1
Maces & Flails | |  0.2
Stealth        | |  2.3
Spellcasting   | |  2.8
Conjurations   | |  0.7

Action                   |  1- 3 |  4- 6 || total
-------------------------+-------+-------++-------
Melee: Whip              |    29 |    25 ||    54
 Cast: Freeze            |    42 |    15 ||    57
       Ozocubu's Armour  |     1 |     2 ||     3
  Use: Potion            |     4 |     1 ||     5
       Scroll            |     2 |       ||     2
  Eat: Ration            |     1 |       ||     1
Armor: Robe              |     7 |    17 ||    24
Dodge: Dodged            |    37 |    41 ||    78
